 Dungeon Sprint DCSS version 0.19-a0-879-gdac7d08 (webtiles) character file.

41 Musica the Ruffian (level 3, -2/39 HPs)
             Began as a Troll Monk on July 4, 2016.
             Was the Champion of Jiyva.
             Slain by an ogre
             ... wielding a +0 giant club
              (28 damage)
             ... in the Dungeon (Sprint IX: "|||||||||||||||||||||||||||||").
             The game lasted 00:01:37 (127 turns).

Musica the Ruffian (Troll Monk)                      Turns: 127, Time: 00:01:38

Health: -2/39      AC:  7    Str: 19    XL:     3   Next: 32%
Magic:  2/2        EV: 11    Int:  9    God:    Jiyva [******]
Gold:   0          SH:  0    Dex: 13    Spells: 0 memorised, 2 levels left

rFire  . . .     SeeInvis .       - Unarmed
rCold  . . .     Gourm    +     a - +0 robe
rNeg   . . .     Faith    .     (no shield)
rPois  .         Spirit   .     (helmet restricted)
rElec  .         Dismiss  .     (no cloak)
rCorr  +         Reflect  .     (gloves unavailable)
SustAt .         Harm     .     (boots unavailable)
MR     .....     NoTele   +     (no amulet)
Stlth  ++........               o - +3 ring of intelligence
                                p - +2 ring of protection

@: not resistant to hostile enchantments, unstealthy
A: unfitting armour, claws 3, fast metabolism 3, gourmand, regeneration 2,
shaggy fur 1, tough skin 2, sturdy frame 1
a: Request Jelly, Jelly Paralyse, Slimify, Cure Bad Mutation, Renounce Religion


You were in the Dungeon.
You worshipped Jiyva.
Jiyva was exalted by your worship.
You were not hungry.

You visited 1 branch

Inventory:

Hand Weapons
 n - the +2 halberd of the Heart {chop, rF- MP+9 Dex+6}
   (You found it in the Dungeon)

   It inflicts extra damage upon your enemies.
   It affects your dexterity (+6).
   It makes you vulnerable to fire.
   It affects your magic capacity (+9).
Armour
 a - a +0 robe (worn)
Jewellery
 o - a +3 ring of intelligence (right claw)
 p - a +2 ring of protection (left claw)
Wands
 m - a wand of iceblast (7/15)
Scrolls
 h - 2 scrolls of blinking
 k - 3 scrolls of remove curse
 l - 2 scrolls of amnesia
Potions
 c - 5 potions of curing
 d - 3 potions of heal wounds
 e - a potion of haste
 f - 4 potions of magic
 g - a potion of berserk rage
 j - a potion of invisibility
Comestibles
 b - 2 bread rations
 i - 4 chunks of flesh


   Skills:
 + Level 3.9 Fighting
 - Level 3.9 Dodging
 - Level 1.6 Stealth
 + Level 4.5 Unarmed Combat


You had 2 spell levels left.
You didn't know any spells.

Dungeon Overview and Level Annotations

Branches:
Dungeon (1/1)

Altars:
Cheibriados
Dithmenos
Elyvilon
Fedhas
Gozag
Hepliaklqana
Kikubaaqudgha
Makhleb
Nemelex Xobeh
Okawaru
Pakellas
Qazlal
Ru
Sif Muna
Trog
Uskayaw
Vehumet
Xom
Yredelemnul
Zin
The Shining One
Beogh
Jiyva
Lugonu


Innate Abilities, Weirdness & Mutations

You are too large for most types of armour.
You have claws for hands.
Your metabolism is lightning-fast.
You like to eat raw meat.
You heal very quickly.
You are covered in fur. (AC +1)
You have very tough skin. (AC +2)
Your movements are slightly less encumbered by armour. (ER -2)


Message History

You hear a slurping noise.
Jiyva will now unseal the treasures of the Slime Pits.
Jiyva appreciates your sacrifice.
You feel a little less hungry.
The adder bites the jelly.
The adder is burned by acid!
The jelly closely misses the adder.
The ogre hits you with a giant club!
You shudder from the blow and a jelly pops out!
The giant frog croaks.
There is an open door to the Dungeon, spattered with blood here.
You claw the ogre!
The ogre is moderately wounded.
The adder bites the jelly.
The adder is burned by acid!
You claw the ogre!
The ogre is almost dead.
The jelly closely misses the adder.
The adder bites the jelly.
The acid corrodes the adder!
The adder is burned by acid!
The adder dies!
The ogre hits you with a giant club!!
Ouch! That really hurt!
You die...

▓.▓
▓.▓
▓)▓
▓.▓
▓.▓
▓.▓
▓J▓
▓J▓
▓@▓
▓O▓
▓J▓
▓†▓
▓T▓
▓h▓
▓F▓
▓+▓


You could see a troll, an ogre, a giant frog, a howler monkey, 2 neutral jellies
(fellow slime) and a friendly acid blob.

Vanquished Creatures
  An iguana (D)
  An adder skeleton (D)
  2 dart slugs (D)
  A giant gecko (D)
  A bat skeleton (D)
  A bat (D)
  A jackal zombie (D)
  A kobold (D)
  A rat (D)
10 creatures vanquished.

Vanquished Creatures (others)
  An adder (D)
1 creature vanquished.

Grand Total: 11 creatures vanquished

Notes
Turn   | Place    | Note
-------+----------+-------------------------------------------
     0 | D        | Musica the Troll Monk began the quest for the Orb.
     0 | D        | Reached XP level 1. HP: 22/22 MP: 0/0
    27 | D        | Noticed an iguana
    30 | D        | Reached XP level 2. HP: 31/31 MP: 1/1
    44 | D        | Reached skill level 4 in Unarmed Combat
    44 | D        | Reached XP level 3. HP: 36/39 MP: 2/2
    52 | D        | Found a glowing silver altar of Zin.
    52 | D        | Found a glowing golden altar of the Shining One.
    52 | D        | Found an ancient bone altar of Kikubaaqudgha.
    52 | D        | Found a basalt altar of Yredelemnul.
    52 | D        | Found a shimmering altar of Xom.
    52 | D        | Found a radiant altar of Vehumet.
    53 | D        | Found an iron altar of Okawaru.
    54 | D        | Found a burning altar of Makhleb.
    55 | D        | Found a deep blue altar of Sif Muna.
    56 | D        | Found a bloodstained altar of Trog.
    57 | D        | Found a sparkling altar of Nemelex Xobeh.
    58 | D        | Found a white marble altar of Elyvilon.
    59 | D        | Found a roughly hewn altar of Beogh.
    60 | D        | Found a viscous altar of Jiyva.
    61 | D        | Found a corrupted altar of Lugonu.
    62 | D        | Found a blossoming altar of Fedhas.
    63 | D        | Found a snail-covered altar of Cheibriados.
    64 | D        | Found a shadowy altar of Dithmenos.
    65 | D        | Found a stormy altar of Qazlal.
    66 | D        | Found an opulent altar of Gozag.
    67 | D        | Found a sacrificial altar of Ru.
    68 | D        | Became a worshipper of Jiyva Juujas the Shapeless
    68 | D        | Reached * piety under Jiyva
    68 | D        | Reached ** piety under Jiyva
    69 | D        | Found an oddly glowing altar of Pakellas.
    70 | D        | Found a hide-covered altar of Uskayaw.
    71 | D        | Found a hazy altar of Hepliaklqana.
    88 | D        | Got the +2 halberd of the Heart {chop, rF- MP+9 Dex+6}
   120 | D        | Reached *** piety under Jiyva
   120 | D        | Gained mutation: Your muscles are strong. (Str +2) [Jiyva's grace]
   120 | D        | Reached **** piety under Jiyva
   120 | D        | Gained mutation: Your movements are slightly less encumbered by armour. (ER -2) [Jiyva's grace]
   120 | D        | Gained mutation: You have a pair of small horns on your head. [Jiyva's grace]
   120 | D        | Reached ***** piety under Jiyva
   120 | D        | Lost mutation: Your muscles are strong. (Str +2) [Jiyva's grace]
   122 | D        | Lost mutation: You have a pair of small horns on your head. [Jiyva's grace]
   124 | D        | Noticed an ogre
   124 | D        | Noticed a troll
   124 | D        | Noticed a giant frog
   125 | D        | Reached ****** piety under Jiyva
   127 | D        | Slain by an ogre

Vault maps used:
D:        linesprint

Skill      XL: |  1  2 |
---------------+-------+-----
Fighting       | 3 |  3.9
Dodging        | 3 |  3.9
Unarmed Combat | 4 |  4.5
Stealth        | |  1.6

Action                   || total
-------------------------++-------
Melee: Unarmed           ||    32
 Stab: Sleeping          ||     1
Armor: Robe              ||     8
Dodge: Dodged            ||    12
